 Dungeon Crawl Stone Soup version 0.30-a0-622-gddc90eaa04 (webtiles) character file.

Game seed: 2277319859885674985

31 Mitcholas the Shooter (level 3, -1/21 HPs)
             Began as a Deep Elf Hunter on Jan 10, 2023.
             Killed by divine providence
             ... invoked by an orc priest
              (14 damage)
             ... on level 3 of the Dungeon.
             The game lasted 00:04:36 (1230 turns).

Mitcholas the Shooter (Deep Elf Hunter)             Turns: 1230, Time: 00:04:37

Health: -1/21      AC:  3    Str:  8    XL:     3   Next: 7%
Magic:  5/5        EV: 12    Int: 13    God:
Gold:   142        SH:  0    Dex: 20    Spells: 2/2 levels left

rFire   . . .      SeeInvis .    a - +0 shortbow
rCold   . . .      Faith    .    (shield currently unavailable)
rNeg    . . .      Spirit   .    c - +0 leather armour
rPois   .          Reflect  .    (no helmet)
rElec   .          Harm     .    (no cloak)
rCorr   .          Rampage  .    (no gloves)
Will    .....                    (no boots)
Stlth   ++                       (no amulet)
HPRegen 0.23/turn                (no ring)
MPRegen 0.09/turn                (no ring)

@: no status effects
A: no striking features
a: no special abilities


You were on level 3 of the Dungeon.
You visited 1 branch of the dungeon, and saw 3 of its levels.

You collected 142 gold pieces.

Inventory:

Hand Weapons
 a - a +0 shortbow (weapon)
Missiles
 f - 2 poisoned darts
Armour
 c - a +0 leather armour (worn)
Scrolls
 b - 2 scrolls of immolation
 d - 2 scrolls of fear {unknown}
 e - a scroll of vulnerability {unknown}
 g - 2 scrolls of blinking {unknown}
 j - a scroll of teleportation {unknown}
 k - a scroll of brand weapon {unknown}
Potions
 h - a potion of might {unknown}
 i - 2 potions of brilliance {unknown}
 l - a potion of berserk rage {unknown}
 m - a potion of magic {unknown}
 n - a potion of lignification {unknown}


   Skills:
 + Level 1.9 Fighting
 * Level 5.9 Ranged Weapons
 + Level 2.9 Dodging
 + Level 2.1 Stealth


You had 2 spell levels left.
You didn't know any spells.
Your spell library contained the following spells:

 Spells                   Type           Power      Damage    Failure   Level
 Borgnjor's Revivificati  Necr           0%         N/A       100%        8
 Necromutation            Tmut/Necr      0%         N/A       100%        8
 Death's Door             Necr           0%         N/A       100%        9


Dungeon Overview and Level Annotations

Branches:
Dungeon (3/15)

Altars:


Message History

You shoot an arrow. The arrow barely misses the hobgoblin.
The hobgoblin barely misses you.
You shoot an arrow. The arrow hits the hobgoblin.
You kill the hobgoblin!
g - 2 scrolls labelled DET ATTITODU (gained 1)
Found an escape hatch in the ceiling.
A hobgoblin comes into view.
The hobgoblin shouts!
You shoot an arrow. The arrow hits the hobgoblin!
You kill the hobgoblin!
Found a stone staircase leading down.
n - a fuming yellow potion
Found an escape hatch in the floor.
An orc priest comes into view. It is wielding a +0 club.
The orc shouts!
You hear a shout!
The orc priest mumbles some strange prayers to Beogh against you.
Pain shoots through your body!
You shoot an arrow. The arrow hits the orc priest.
The orc priest is heavily wounded.
You shoot an arrow. The arrow hits the orc.
The orc is heavily wounded.
You shoot an arrow. The arrow hits the orc.
The orc is severely wounded.
The orc priest casts a cantrip, but nothing happens.
You shoot an arrow. The arrow barely misses the orc.
You shoot an arrow. The arrow closely misses the orc.
The orc priest looks satisfied for a moment.
You shoot an arrow. The arrow closely misses the orc.
The orc barely misses you.
You shoot an arrow. The arrow barely misses the orc.
The orc misses you. x2
The orc attacks as you move away! The orc closely misses you.
The orc attacks as you move away! The orc hits you with a +0 whip.
You shoot an arrow.
The arrow hits the orc but does no damage.
The orc is severely wounded.
The orc attacks as you move away! The orc hits you with a +0 whip.
The orc priest calls down the wrath of Beogh upon you.
Beogh smites you!
Ouch! That really hurt!
You die...

#<# ### #.# #..
#.######.###
#oo.K......#
########K# #.#
####o#####.#
#.o......>.#
..###@##.#######
.............#
..##..#..#.#.#
###.#......#
...........#
###...#.#..#
........#..#
####.......#
........#..#


You could see an orc priest and an orc.

Vanquished Creatures
  2 orcs
  A bat (D:1)
  2 endoplasms
  2 giant cockroaches
  3 goblins
  6 hobgoblins
  5 ball pythons
  A frilled lizard (D:1)
  A kobold (D:2)
  2 rats (D:1)
25 creatures vanquished.

Notes
Turn   | Place    | Note
-------+----------+-------------------------------------------
     0 | D:1      | Mitcholas the Deep Elf Hunter began the quest for the Orb.
     0 | D:1      | Reached XP level 1. HP: 12/12 MP: 3/3
   244 | D:1      | Reached XP level 2. HP: 17/17 MP: 4/4
  1159 | D:3      | Reached XP level 3. HP: 21/21 MP: 5/5
  1230 | D:3      | Killed from afar by an orc priest

Illustrated notes

Levels and vault maps discovered:
D:1:      nagdon_arrival_double_spiral, layout_rooms
D:2:      layout_basic, hellmonk_ecumenical_altar_arch_garden,
          hangedman_decor_growths
D:3:      layout_basic, uniq_ijyb

Skill      XL: |  1  2 |
---------------+-------+-----
Stealth        | 2 |  2.1
Fighting       | |  1.9
Ranged Weapons | |  5.9
Dodging        | |  2.9

Action                   || total
-------------------------++-------
 Fire: Shortbow          ||    68
Armor: Leather armour    ||     2
Dodge: Dodged            ||    16

Table legend: (Time is in decaauts)
 A = Elapsed time spent in this place.
 B = Non-inter-level travel time spent in this place.
 C = Inter-level travel time spent in this place.
 D = Time resting spent in this place.
 E = Time spent auto-exploring this place.
 F = Levels seen in this place.
 G = Mean time per level.
                   A        B        C        D        E       F      G
               +--------+--------+--------+--------+--------+-----+--------+
         Total |   1282 |   1188 |     94 |      0 |    989 |   3 |  427.3 |
       Dungeon |   1282 |   1188 |     94 |      0 |    989 |   3 |  427.3 |
               +--------+--------+--------+--------+--------+-----+--------+

Top non-repeatable levels by time:
     D:2: 622 daAuts
     D:1: 558 daAuts
     D:3: 102 daAuts
